 Dungeon Crawl Stone Soup version 0.30-a0-618-gd6c86c23d0 (webtiles) character file.

Game seed: 2723712547339699446

1941 funkygono the Thaumaturge (level 8, -1/41 HPs)
             Began as a Deep Elf Fire Elementalist on Jan 9, 2023.
             Slain by a yak (14 damage)
             ... on level 8 of the Dungeon.
             The game lasted 00:09:17 (5754 turns).

funkygono the Thaumaturge (DEFE)                    Turns: 5754, Time: 00:09:18

Health: -1/41      AC:  7    Str:  5    XL:     8   Next: 98%
Magic:  12/32      EV: 12    Int: 23    God:
Gold:   206        SH:  0    Dex: 15    Spells: 9/26 levels left

rFire   . . .      SeeInvis .    n - staff of conjuration
rCold   + . .      Faith    .    (no shield)
rNeg    + . .      Spirit   .    s - +1 leather armour {rC+}
rPois   .          Reflect  .    y - +0 helmet
rElec   .          Harm     .    (no cloak)
rCorr   .          Rampage  .    (no gloves)
Will    .....                    g - +1 pair of boots
Stlth   ++                       (no amulet)
HPRegen 0.26/turn                d - ring of magical power
MPRegen 0.23/turn                q - ring of positive energy

@: no status effects
A: no striking features
a: no special abilities


You were on level 8 of the Dungeon.
You visited 2 branches of the dungeon, and saw 9 of its levels.

You collected 206 gold pieces.

Inventory:

Hand Weapons
 e - a +0 whip
 h - a +3 dagger of draining
 j - a +0 short sword of freezing
 p - the +4 short sword of Intuition {distort, rF+}
   (You found it on level 3 of the Dungeon)

   rF:        It protects you from fire.
 t - a +3 short sword of protection
Armour
 a - a +0 robe
 g - a +1 pair of boots (worn)
 s - a +1 leather armour of cold resistance (worn)
 y - a +0 helmet (worn)
Magical Staves
 n - a staff of conjuration (weapon)
Jewellery
 d - a ring of magical power (left hand)
 l - an amulet of guardian spirit
 q - a ring of positive energy (right hand)
Wands
 c - a wand of polymorph (6)
Scrolls
 f - 3 scrolls of identify
 v - 3 scrolls of teleportation
Potions
 b - a potion of magic
 i - 2 potions of cancellation
 k - 2 potions of heal wounds
 m - 2 potions of haste
 o - 2 potions of attraction
 r - a potion of flight
 u - a potion of ambrosia
 w - a potion of curing
 x - 2 potions of might


   Skills:
 + Level 0.1 Fighting
 + Level 0.7 Armour
 + Level 3.0 Dodging
 - Level 2.4 Stealth
 + Level 9.5 Spellcasting
 + Level 5.4 Conjurations
 + Level 7.9 Fire Magic
 * Level 2.4 Air Magic
 * Level 2.7 Earth Magic


You had 9 spell levels left.
You knew the following spells:

 Your Spells              Type           Power      Damage    Failure   Level
a - Foxfire               Conj/Fire      100%       2x1d9     1%          1
b - Scorch                Fire           94%        2d9       1%          2
c - Kindle Blastsparks    Fire/Tloc/Air  52%        2d14      7%          3
d - Flame Wave            Conj/Fire      58%        2d14      6%          4
e - Airstrike             Air            11%        2d(2-18)  34%         4
f - Stone Arrow           Conj/Erth      88%        3d12      5%          3

Your spell library contained the following spells:

 Spells                   Type           Power      Damage    Failure   Level
 Shock                    Conj/Air       100%       1d9       1%          1
 Sandblast                Erth           46%        2d11      3%          1
 Momentum Strike          Conj/Tloc      70%        3d9       4%          2
 Inner Flame              Hex/Fire       29%        N/A       5%          3
 Passwall                 Tmut/Erth      14%        N/A       9%          2
 Dazzling Flash           Conj/Hex       70%        N/A       10%         3
 Swiftness                Air            22%        N/A       11%         3
 Blink                    Tloc           20%        N/A       14%         2
 Ensorcelled Hibernation  Hex/Ice        20%        N/A       14%         2
 Sublimation of Blood     Necr           10%        N/A       14%         2
 Wereblood                Tmut           10%        N/A       14%         2
 Gell's Gravitas          Tloc           10%        N/A       28%         3
 Lesser Beckoning         Tloc           20%        N/A       28%         3
 Teleport Other           Tloc           10%        N/A       28%         3
 Iskenderun's Mystic Bla  Conj/Tloc      35%        2d8       30%         4
 Freezing Cloud           Conj/Ice/Air   17%        6-21      65%         5
 Starburst                Conj/Fire      29%        6d9       67%         6
 Dispersal                Tloc           5%         N/A       100%        6
 Simulacrum               Ice/Necr       5%         N/A       100%        6
 Summon Hydra             Summ           5%         N/A       100%        7
 Polar Vortex             Ice            5%         N/A       100%        9


Dungeon Overview and Level Annotations

Branches:
Dungeon (9/15)             Temple (1/1) D:5
   Lair: D:8-11         Orc: D:9-12

Altars:
Ashenzari
Cheibriados
Dithmenos
Elyvilon
Fedhas
Gozag
Hepliaklqana
Kikubaaqudgha
Makhleb
Nemelex Xobeh
Qazlal
Ru
Trog
Uskayaw
Vehumet
Wu Jian
Xom
Yredelemnul
Zin

Shops:
D:2 *   D:4 *


Message History

Unknown command.
A wave of flame ripples out!
The flame wave engulfs the yak!
You kill the yak!
The flame wave engulfs the yak!
The yak is severely wounded.
The flame wave engulfs the yak!
The yak is burned terribly!
You kill the yak!
The flame wave engulfs the orc!
You kill the orc!
The flame wave engulfs the yak.
The yak is lightly wounded.
The yak misses you.
Your Dodging skill increases to level 3!
Your Air Magic skill increases to level 2!
Unknown command.
A wave of flame ripples out!
The flame wave engulfs the yak!!
The yak is heavily wounded.
The flame wave engulfs the yak!
You kill the yak!
The flame wave engulfs the yak!!
The yak is heavily wounded.
You finish channelling waves of flame.
The yak gores you.
Casting: Flame Wave (quite dangerous; 6% risk of failure)
Confirm with . or Enter, or press ? or * to list all spells.
The spell is quite dangerous to miscast (6% risk of failure)!
Continue anyway?
Okay, then.
Unknown command.
Casting: Flame Wave (quite dangerous; 6% risk of failure)
Confirm with . or Enter, or press ? or * to list all spells.
The spell is quite dangerous to miscast (6% risk of failure)!
Continue anyway?
Casting: Flame Wave (quite dangerous; 6% risk of failure)
Press: ? - help, Dir - look around, f - activate You feel a surge of power!
A wave of flame ripples out!
The flame wave engulfs the yak!
The yak is almost dead.
The flame wave engulfs the yak!
The yak is almost dead. (Press . to intensify the flame waves.)
The yak gores you!
You die...

...##
##....### #
#.....$..
#.###.....#
#..>.....##
#####..#.#
#..# # #?.#
#@Y#
#†Y.)....
#).......
####.)...
#.#.# .# #
#


You could see 2 yaks.

Vanquished Creatures
  Prince Ribbit (D:6)
  3 yaks (D:8)
  Eustachio (D:4)
  A water moccasin (D:6)
  2 black bears
  An orc warrior (D:4)
  An ogre (D:2)
  A phantom (D:5)
  A kobold brigand (D:6)
  A scorpion (D:5)
  A jelly (D:5)
  2 orc priests
  7 orc wizards
  2 iguanas
  10 adders
  2 white imps (D:6)
  2 ufetubi
  A worm (D:3)
  A dart slug (D:3)
  27 orcs
  6 endoplasms
  4 giant cockroaches
  5 goblins
  7 hobgoblins
  10 jackals
  13 kobolds
  A quokka (D:3)
  2 ball pythons
  3 bats
  2 frilled lizards
  4 rats
125 creatures vanquished.

Vanquished Creatures (others)
  431 foxfires
431 creatures vanquished.

Grand Total: 556 creatures vanquished

Notes
Turn   | Place    | Note
-------+----------+-------------------------------------------
     0 | D:1      | funkygono the Deep Elf Fire Elementalist began the quest
                  | for the Orb.
     0 | D:1      | Reached XP level 1. HP: 10/10 MP: 6/6
   282 | D:1      | Reached XP level 2. HP: 15/15 MP: 8/8
   291 | D:1      | Learned a level 2 spell: Scorch
   974 | D:2      | Reached XP level 3. HP: 19/19 MP: 10/10
   978 | D:2      | Learned a level 3 spell: Kindle Blastsparks
  1138 | D:2      | Reached skill level 4 in Spellcasting
  1204 | D:2      | Found Hofaex's General Store.
  1354 | D:2      | Noticed an ogre
  1359 | D:2      | Killed an ogre
  1360 | D:2      | Reached XP level 4. HP: 24/24 MP: 12/12
  1622 | D:2      | Reached XP level 5. HP: 28/28 MP: 14/14
  1784 | D:3      | Reached skill level 5 in Spellcasting
  2203 | D:3      | Identified the +4 short sword of Intuition {distort, rF+}
  2209 | D:3      | Reached skill level 5 in Fire Magic
  2571 | D:4      | Noticed Eustachio
  2589 | D:4      | Killed Eustachio
  2590 | D:4      | Reached skill level 6 in Spellcasting
  2590 | D:4      | Reached XP level 6. HP: 32/32 MP: 10/17
  2819 | D:4      | Noticed an orc warrior
  2839 | D:4      | Killed an orc warrior
  2844 | D:4      | Reached XP level 7. HP: 3/36 MP: 3/19
  2933 | D:4      | Learned a level 4 spell: Flame Wave
  3021 | D:4      | Found Tecuxyni's Assorted Antiques.
  3167 | D:4      | Found a glowing drain.
  4045 | D:4      | Learned a level 4 spell: Airstrike
  4049 | D:4      | Learned a level 3 spell: Stone Arrow
  4051 | D:5      | Entered Level 5 of the Dungeon
  4062 | D:5      | Reached skill level 7 in Spellcasting
  4541 | D:5      | Reached skill level 8 in Spellcasting
  4789 | D:5      | Found a staircase to the Ecumenical Temple.
  4978 | Temple   | Entered the Ecumenical Temple
  5227 | D:6      | Reached XP level 8. HP: 41/41 MP: 22/22
  5388 | D:6      | Reached skill level 1 in Earth Magic
  5389 | D:6      | Reached skill level 1 in Air Magic
  5684 | D:6      | Noticed Prince Ribbit
  5690 | D:6      | Killed Prince Ribbit
  5691 | D:6      | Reached skill level 9 in Spellcasting
  5691 | D:6      | Reached skill level 5 in Conjurations
  5727 | D:6      | You fall into a shaft and drop 3 floors!
  5754 | D:8      | Slain by a yak

Illustrated notes

Levels and vault maps discovered:
D:1:      minmay_arrival_three_doors, layout_loops_ring, minmay_tromino_v4_b
D:2:      layout_loops_cross, serial_shops, shop
D:3:      layout_loops_ring, minmay_misc_feat_secret_circle
D:4:      layout_layer_cave, portal_sewer_entry_d, serial_shops, shop,
          uniq_eustachio
D:5:      layout_rooms, lemuel_temple_firewalk_b
D:6:      layout_basic, wad_floor_pattern_untrapped, uniq_prince_ribbit1
D:8:      layout_loops_ring, dk_rats_in_the_wall
D:9:      layout_basic, grunt_temple_overflow_open, erik_lair_dragon,
          david_orc_2, special_room [special_room_kobold]
Temple:   hellmonk_temple_of_storms

Skill      XL: |  1  2  3  4  5  6  7  8 |
---------------+-------------------------+-----
Fire Magic     | 4 5 6 7 |  7.9
Spellcasting   | 4 6 8 9 |  9.5
Conjurations   | 2 3 4 5 |  5.4
Earth Magic    | 2 |  2.7
Air Magic      | 2 |  2.4
Dodging        | 3 |  3.0
Fighting       | |  0.1
Armour         | |  0.7
Stealth        | |  2.4

Action                   |  1- 3 |  4- 6 |  7- 9 || total
-------------------------+-------+-------+-------++-------
 Cast: Foxfire           |    58 |    86 |   116 ||   260
       Scorch            |     6 |    15 |    16 ||    37
       Kindle Blastspark |       |       |     1 ||     1
       Flame Wave        |       |       |     3 ||     3
  Use: Scroll            |       |       |    16 ||    16
Armor: Robe              |       |       |     1 ||     1
       Leather armour    |       |       |     1 ||     1
Dodge: Dodged            |     2 |     8 |    10 ||    20

Table legend: (Time is in decaauts)
 A = Elapsed time spent in this place.
 B = Non-inter-level travel time spent in this place.
 C = Inter-level travel time spent in this place.
 D = Time resting spent in this place.
 E = Time spent auto-exploring this place.
 F = Levels seen in this place.
 G = Mean time per level.
                   A        B        C        D        E       F      G
               +--------+--------+--------+--------+--------+-----+--------+
         Total |   5764 |   5628 |    136 |     86 |   4567 |   9 |  640.4 |
       Dungeon |   5710 |   5580 |    130 |     86 |   4549 |   8 |  713.8 |
        Temple |     53 |     47 |      6 |      0 |     18 |   1 |   53.0 |
               +--------+--------+--------+--------+--------+-----+--------+

Top non-repeatable levels by time:
     D:4: 1488 daAuts
     D:5: 988 daAuts
     D:1: 970 daAuts
     D:2: 804 daAuts
     D:3: 794 daAuts
     D:6: 637 daAuts
  Temple: 53 daAuts
     D:8: 23 daAuts
     D:9: 2 daAuts
